 Dungeon Crawl Stone Soup version 0.20-a0-923-g548304e (webtiles) character file.

23 FastMan the Shield-Bearer (level 3, -8/29 HPs)
             Began as a Formicid Fighter on Mar 26, 2017.
             Mangled by an ogre
             ... wielding a cursed -1 giant club
              (16 damage)
             ... on level 4 of the Dungeon.
             The game lasted 00:00:34 (547 turns).

FastMan the Shield-Bearer (Formicid Fighter)         Turns: 547, Time: 00:00:34

Health: -8/29      AC:  6    Str: 25    XL:     3   Next: 12%
Magic:  3/3        EV:  8    Int:  7    God:
Gold:   95         SH: 10    Dex: 11    Spells: 2/2 levels left

rFire    . . .     SeeInvis +   a - +0 war axe
rCold    . . .     Gourm    .   c - +0 shield
rNeg     . . .     Faith    .   b - +0 scale mail
rPois    .         Spirit   .   (helmet unavailable)
rElec    .         Reflect  .   (no cloak)
rCorr    .         Harm     .   (no gloves)
MR       .....                  (no boots)
Stlth    ..........             (no amulet)
Regen    0.1/turn               (no ring)
MPRegen  0.1/turn               (no ring)

@: mighty
A: permanent stasis, dig shafts and tunnels, four strong arms, antennae 3
a: Dig, Shaft Self


You were on level 4 of the Dungeon.
You were not hungry.

You visited 1 branch of the dungeon, and saw 4 of its levels.

You collected 95 gold pieces.

Inventory:

Hand Weapons
 a - a +0 war axe (weapon)
Armour
 b - a +0 scale mail (worn)
 c - a +0 shield (worn)
Scrolls
 e - 2 scrolls of remove curse {unknown}
 i - 2 scrolls of identify {unknown}
 j - a scroll of magic mapping {unknown}
 k - a scroll of enchant weapon {unknown}
 m - a scroll of teleportation {unknown}
 n - a scroll of amnesia {unknown}
Comestibles
 f - 2 bread rations {@e1}
 g - 2 meat rations {@e2}
 h - 4 chunks of flesh
 l - 3 fruits {@e4}


   Skills:
 - Level 3.2 Fighting
 * Level 2.9 Axes
 - Level 3.2 Armour
 + Level 4.1 Shields


You had 2 spell levels left.
You didn't know any spells.

Dungeon Overview and Level Annotations

Branches:
Dungeon (4/15)
 Temple: D:4-7

Altars:

Annotations:
D:2 Sigmund


Innate Abilities, Weirdness & Mutations

You cannot be hasted, slowed, berserked, paralysed or teleported.
You can dig through walls and to a lower floor.
Your four strong arms can wield two-handed weapons with a shield.
You have a pair of large antennae on your head. (SInv)


Message History

The ogre hits you with a giant club!!
Ouch! That really hurt!
* * * LOW HITPOINT WARNING * * *
You are too injured to fight recklessly!
You are too injured to fight recklessly!
You are too injured to fight recklessly!
You are too injured to fight recklessly!
You are too injured to fight recklessly!
You are too injured to fight recklessly!
You are too injured to fight recklessly!
You are too injured to fight recklessly!
You are too injured to fight recklessly!
You are too injured to fight recklessly!
You are too injured to fight recklessly!
You are too injured to fight recklessly!
Unknown command.
You feel very mighty all of a sudden. The ogre hits you with a giant club!
Ouch! That really hurt!
You die... ...####### ......O@.# .#$#####.# .# .# .# .. .# { ##

You could see an ogre.

Vanquished Creatures
  A worm (D:3)
  A dart slug (D:3)
  A leopard gecko (D:1)
  A giant cockroach (D:3)
  A hobgoblin (D:3)
  4 jackals (D:1)
  4 kobolds (D:1)
  A goblin (D:3)
  2 rats (D:3)
16 creatures vanquished.

Notes
Turn   | Place    | Note
-------+----------+-------------------------------------------
     0 | D:1      | FastMan the Formicid Fighter began the quest for the Orb.
     0 | D:1      | Reached XP level 1. HP: 18/18 MP: 1/1
   121 | D:1      | Reached XP level 2. HP: 19/24 MP: 2/2
   196 | D:2      | Noticed Sigmund
   240 | D:3      | Reached skill level 4 in Shields
   411 | D:3      | Reached XP level 3. HP: 29/29 MP: 3/3
   543 | D:4      | Noticed an ogre
   547 | D:4      | Mangled by an ogre

Vault maps used:
D:1:      shiori_arrival_elements
D:2:      grunt_temple_overflow_magic_moments, uniq_sigmund, uniq_terence
D:4:      grunt_temple_overflow_open, nicolae_overflow_hidden_temple,
          lemuel_coloured_pillars_altar, minmay_temple_entry_water_ring,
          first_bread, st_stairs_3, uniq_iyjb

Skill      XL: |  1  2 |
---------------+-------+-----
Shields        | 4 |  4.1
Fighting       | |  3.2
Axes           | |  2.9
Armour         | |  3.2

Action                   || total
-------------------------++-------
Melee: War axe           ||    43
  Use: Potion            ||     1
Armor: Scale mail        ||    19
Dodge: Dodged            ||    20
Block: Shield            ||    25
